 Dungeon Crawl Stone Soup version 0.31-a0-431-g88bdf31460 (webtiles) character file.

Game seed: 15004248507284423749

22 randomguy2701 the Covered (level 2, 0/27 HPs)
             Began as a Minotaur Fighter on July 31, 2023.
             Succumbed to a kobold's poison
             ... on level 1 of the Dungeon.
             The game lasted 00:00:27 (323 turns).

randomguy2701 the Covered (Minotaur Fighter)         Turns: 323, Time: 00:00:28

Health: 0/27       AC:  7    Str: 20    XL:     2   Next: 68%
Magic:  1/1        EV:  9    Int:  5    God:
Gold:   58         SH:  4    Dex:  9    Spells: 1/1 levels left

rFire   . . .        a - +0 war axe
rCold   . . .        c - +0 buckler
rNeg    . . .        b - +0 scale mail
rPois   .            (helmet restricted)
rElec   .            (no cloak)
rCorr   .            (no gloves)
SInv    .            (no boots)
Will    .....        (no amulet) Stlth
                     (no ring)
HPRegen 0.24/turn    (no ring)
MPRegen 0.07/turn

%: no passive effects
@: lethally poisoned (0 -> -7)
A: horns 2, retaliatory headbutt
a: no special abilities


You were on level 1 of the Dungeon.
You visited 1 branch of the dungeon, and saw 1 of its levels.

You collected 58 gold pieces.

Inventory:

Hand Weapons
 a - a +0 war axe (weapon)
Armour
 b - a +0 scale mail (worn)
 c - a +0 buckler (worn)
Scrolls
 e - a scroll of noise {unknown}
 g - a scroll of teleportation {unknown}
Potions
 d - a potion of might
 f - a potion of curing {unknown}


   Skills:
 + Level 4.0 Fighting
 + Level 2.6 Axes
 + Level 4.0 Armour
 + Level 0.3 Dodging
 + Level 4.0 Shields


You had one spell level left.
You didn't know any spells.
Your spell library was empty.

Dungeon Overview and Level Annotations

Branches:
Dungeon (1/15)

Altars:


Innate Abilities, Weirdness & Mutations

You have a pair of horns on your head.
You reflexively headbutt those who attack you in melee.


Message History

No target in view!
No target in view!
Found a stone staircase leading down.
As you open the door, it creaks loudly!
You hear a shout! x3
A goblin comes into view. It is wielding a +0 dagger.
A goblin is nearby!
There is an open door here.
A kobold comes into view.
It is wielding a +2 short sword of venom.
You miss the goblin. Your headbutt misses the goblin.
The goblin hits you but does no damage. You block the goblin's attack.
You completely miss the goblin. The goblin hits you with a +0 dagger.
You hit the goblin. You headbutt the goblin.
The goblin is severely wounded.
You closely miss the kobold.
A goblin comes into view. It is wielding a +0 dagger.
The goblin misses you. You furiously retaliate!
You headbutt the goblin.
You kill the goblin!
The kobold hits you with a +2 short sword of venom.
You are poisoned.
You barely miss the kobold. Your headbutt misses the kobold.
You feel very sick.
The kobold hits you with a +2 short sword of venom.
You are lethally poisoned!
The kobold barely misses you.
You closely miss the kobold.
You feel very sick.
The kobold hits you with a +2 short sword of venom.
* * * LOW HITPOINT WARNING * * *
You are too injured to fight recklessly!
You are too injured to fight recklessly!
Unknown command.
You are too injured to fight recklessly!
* * * LOW HITPOINT WARNING * * *
You feel very sick.
* * * LOW HITPOINT WARNING * * *
You feel very sick. You block the goblin's attack.
There is an open door here.
The goblin attacks as you move away! The goblin closely misses you.
You die...

. ...............# ..
.........##.#.## ...
#######.....#.# ....
#########..#.# .....
#>.........#.## ......####
##.#........... ......)g.#
#...##.....#.##
###.##.#'###.#+###..###.##
#.+.@...+.###..#...#.
#.#######.#....##.##. +.
#....'.#.###.##.
#.#######.#.#.....##.
#.#.....'.#).........
#+#.....###.###......
#..><.#...# #......
#.....##### #......
+.....# ####.##


You could see a goblin.

Vanquished Creatures
  A bat (D:1)
  3 endoplasms (D:1)
  A giant cockroach (D:1)
  3 hobgoblins (D:1)
  2 kobolds (D:1)
  2 quokkas (D:1)
  4 ball pythons (D:1)
  2 goblins (D:1)
18 creatures vanquished.

Notes
Turn   | Place    | Note
-------+----------+-------------------------------------------
     0 | D:1      | randomguy2701 the Minotaur Fighter began the quest for the
                  | Orb.
     0 | D:1      | Reached XP level 1. HP: 19/19 MP: 0/0
   142 | D:1      | Reached XP level 2. HP: 27/27 MP: 1/1
   218 | D:1      | Found a faded altar of an unknown god.
   323 | D:1      | Succumbed to a kobold's poison

Illustrated notes

Levels and vault maps discovered:
D:1:      shiori_arrival_maze, layout_basic, basic_ecumenical_altar

Skill      XL: |  1  2 |
---------------+-------+-----
Armour         | 4 |  4.0
Shields        | 4 |  4.0
Fighting       | 4 |  4.0
Axes           | |  2.6
Dodging        | |  0.3

Action                     || total
---------------------------++-------
  Melee: War axe           ||    42
         Headbutt          ||     4
 Armour: Scale mail        ||    29
  Dodge: Dodged            ||    30
  Block: Buckler           ||    14

Table legend: (Time is in decaauts)
 A = Elapsed time spent in this place.
 B = Non-inter-level travel time spent in this place.
 C = Inter-level travel time spent in this place.
 D = Time resting spent in this place.
 E = Time spent auto-exploring this place.
 F = Levels seen in this place.
 G = Mean time per level.
                   A        B        C        D        E       F      G
               +--------+--------+--------+--------+--------+-----+--------+
         Total |    340 |    340 |      0 |      0 |    235 |   1 |  340.0 |
       Dungeon |    340 |    340 |      0 |      0 |    235 |   1 |  340.0 |
               +--------+--------+--------+--------+--------+-----+--------+

Top non-repeatable levels by time:
     D:1: 340 daAuts
